 Dungeon Crawl Stone Soup version 0.27-a0-887-gcab673c142 (webtiles) character file.

Game seed: 11815122458928957385

407 slowdiver the Shield-Bearer (level 6, -6/40 HPs)
             Began as a Gargoyle Fighter on Apr 4, 2021.
             Was a Believer of Yredelemnul.
             Mangled by Menkaure (17 damage)
             ... on level 5 of the Dungeon.
             The game lasted 00:06:10 (5077 turns).

slowdiver the Shield-Bearer (Gargoyle Fighter)      Turns: 5077, Time: 00:06:10

Health: -6/40      AC: 15    Str: 21    XL:     6   Next: 88%
Magic:  8/8        EV:  4    Int:  9    God:    Yredelemnul [**....]
Gold:   147        SH:  9    Dex:  9    Spells: 5/5 levels left

rFire    + + +     SeeInvis .   b - +4 rapier of the Leaping Shrike {flame, rF+++}
rCold    . . .     Faith    .   c - +0 kite shield
rNeg     + . .     Spirit   .   r - +0 plate armour
rPois    ∞         Reflect  .   (no helmet)
rElec    +         Harm     .   (no cloak)
rCorr    .         Rampage  .   (no gloves)
Will     +....                  (no boots)
Stlth    ..........             (no amulet)
HPRegen  0.13/turn              k - ring of willpower
MPRegen  0.11/turn              (no ring)

@: no status effects
A: AC +4, negative energy resistance 1, electricity resistance, torment
resistance 1, unbreathing 1, petrification resistance
a: Renounce Religion, Animate Remains, Recall Undead Slaves, Injury Mirror


You were on level 5 of the Dungeon.
You worshipped Yredelemnul.
Yredelemnul was pleased with you.
You visited 1 branch of the dungeon, and saw 5 of its levels.

You collected 147 gold pieces.

Inventory:

Hand Weapons
 a - a +0 long sword
 b - the +4 rapier of the Leaping Shrike (weapon) {flame, rF+++}
   (You found it on level 4 of the Dungeon)

   It has been specially enchanted to burn those struck by it, causing extra
   injury to most foes and up to half again as much damage against particularly
   susceptible opponents.
   It renders you almost immune to fire.
 t - the +8 short sword of Kely {vorpal, Fragile rC+ Dex+5 SInv}
   (You found it on level 5 of the Dungeon)

   It inflicts extra damage upon your enemies.
   It affects your dexterity (+5).
   It protects you from cold.
   It lets you see invisible.
   It will be destroyed if unequipped.
Missiles
 m - 16 poisoned darts (quivered)
Armour
 c - a +0 kite shield (worn)
 r - a +0 plate armour (worn)
Jewellery
 k - a ring of willpower (left hand)
Wands
 s - a wand of digging (4)
Scrolls
 j - a scroll of fear
 p - a scroll of amnesia {unknown}
 q - 2 scrolls of identify {unknown}
Potions
 d - a potion of might
 e - 7 potions of curing {unknown}
 f - a potion of mutation {unknown}
 g - 3 potions of brilliance {unknown}
 h - 4 potions of degeneration {unknown}
 i - 2 potions of flight {unknown}
 l - a potion of cancellation {unknown}
 n - a potion of heal wounds {unknown}
 o - 2 potions of lignification {unknown}


   Skills:
 + Level 5.0 Fighting
 + Level 3.6 Long Blades
 - Level 3.2 Armour
 + Level 5.0 Shields
 + Level 3.1 Invocations


You had 5 spell levels left.
You didn't know any spells.
Your spell library contained the following spells:

 Spells                   Type           Power      Damage    Failure   Level
 Animate Skeleton         Necr           0%         N/A       100%        1
 Apportation              Tloc           0%         N/A       100%        1
 Corona                   Hex            0%         N/A       100%        1
 Sandblast                Erth           0%         2d4       100%        1
 Summon Small Mammal      Summ           0%         N/A       100%        1
 Passwall                 Tmut/Erth      0%         N/A       100%        2
 Confusing Touch          Hex            0%         N/A       100%        3
 Gell's Gravitas          Tloc           0%         N/A       100%        3
 Stone Arrow              Conj/Erth      0%         3d7       100%        3
 Petrify                  Tmut/Erth      0%         N/A       100%        4
 Lee's Rapid Deconstruct  Erth           0%         3d5*      100%        5
 Metabolic Englaciation   Hex/Ice        0%         N/A       100%        5
 Yara's Violent Unravell  Hex/Tmut       0%         3d3       100%        5


Dungeon Overview and Level Annotations

Branches:
Dungeon (5/15)             Temple (0/1) D:5

Altars:
Yredelemnul

Shops:
D:3 :

Annotations:
D:5 Menkaure


Innate Abilities, Weirdness & Mutations

Your stone body is resilient. (AC +4)
You are immune to poison.
You resist negative energy. (rN+)
You are resistant to electric shocks. (rElec)
You are resistant to unholy torment.
You can survive without breathing.
You are immune to petrification.


Message History

No target in view!
No target in view!
No target in view!
No target in view!
No target in view!
No target in view!
You see here a hound corpse.
You attempt to give life to the dead...
The dead are walking!
You swap places.
s - a wand of digging (4)
i - 2 bubbling dark potions (gained 1)
You see here a +0 hunting sling.
You see here 24 arrows.
Found a transparent short sword.
You see here the +8 short sword of Kely {vorpal, Fragile rC+ Dex+5 SInv}.
t - the +8 short sword of Kely {vorpal, Fragile rC+ Dex+5 SInv} You start waiting.
Done waiting.
You now have 147 gold pieces (gained 6).
Menkaure, Prince of Dust comes into view.
Menkaure shouts!
There is a stone staircase leading down here.
Menkaure calls on the powers of darkness!
Your body is wracked with pain!
Menkaure hits you.
You hit Menkaure but do no damage. Menkaure hits you!!
* * * LOW HITPOINT WARNING * * *
Your hound zombie barely misses Menkaure.
You puncture Menkaure! You burn Menkaure.
Menkaure is heavily damaged.
Your hound zombie bites Menkaure but does no damage.
Menkaure gestures wildly while chanting.
Menkaure seems to speed up.
Your hound zombie bites Menkaure.
You hit Menkaure but do no damage.
Menkaure is heavily damaged.
You block Menkaure's attack.
Your hound zombie barely misses Menkaure.
Menkaure hits you!
You die...
Your body rises from the dead as a mindless zombie.

.....................###
.........<..Z#Z.........
........#.##.#..........
........................
.......>..#.#....#######
.###....###.#....#
#.........#...#
#....Z........#
####@ZZ.........
#.M...#####.. ......# ..
.......# ........#
.........# ..........#
.......#####


You could see Menkaure (fast, ally target), a friendly hound zombie and 2
friendly orc zombies.

Vanquished Creatures
  A scorpion (D:4)
  2 jellies
  A hound (D:5)
  Jessica (D:2)
  A hound skeleton (D:4)
  5 adders
  An ufetubus (D:5)
  A worm (D:4)
  9 orcs
  13 endoplasms
  2 giant cockroaches (D:1)
  5 goblins
  4 hobgoblins
  8 jackals
  4 quokkas
  9 ball pythons
  7 bats
  2 frilled lizards
  2 kobolds (D:4)
  3 rats (D:1)
81 creatures vanquished.

Vanquished Creatures (collateral kills)
  A necrophage (D:3)
  An iguana (D:4)
  2 ball pythons (D:2)
  An endoplasm (D:2)
  A goblin (D:2)
  3 hobgoblins
  A bat (D:2)
10 creatures vanquished.

Vanquished Creatures (others)
  A bat zombie (D:2)
  A ball python zombie (D:2)
  A goblin zombie (D:4)
3 creatures vanquished.

Grand Total: 94 creatures vanquished

Notes
Turn   | Place    | Note
-------+----------+-------------------------------------------
     0 | D:1      | slowdiver the Gargoyle Fighter began the quest for the Orb.
     0 | D:1      | Reached XP level 1. HP: 14/14 MP: 1/1
   218 | D:1      | Reached XP level 2. HP: 16/19 MP: 2/2
   742 | D:1      | Found a faded altar of an unknown god.
   756 | D:1      | Reached XP level 3. HP: 19/24 MP: 3/3
   772 | D:1      | Became a worshipper of Yredelemnul the Dark
   772 | D:1      | Reached * piety under Yredelemnul
  1833 | D:2      | Reached XP level 4. HP: 29/29 MP: 4/4
  1924 | D:2      | Reached skill level 1 in Invocations
  2069 | D:2      | Noticed Jessica
  2074 | D:2      | Killed Jessica
  2269 | D:3      | Found Ygrycum's Book Shop.
  2800 | D:3      | Reached XP level 5. HP: 33/33 MP: 6/6
  2876 | D:3      | Noticed a necrophage
  2885 | D:3      | Killed a necrophage
  3288 | D:4      | Reached XP level 6. HP: 29/39 MP: 7/7
  3452 | D:4      | Reached ** piety under Yredelemnul
  4600 | D:4      | Identified the +4 rapier of the Leaping Shrike {flame,
                  | rF+++}
  4701 | D:5      | Entered Level 5 of the Dungeon
  4756 | D:5      | Found a staircase to the Ecumenical Temple.
  4776 | D:5      | Reached skill level 5 in Shields
  4864 | D:5      | Reached skill level 5 in Fighting
  4955 | D:5      | Identified the +8 short sword of Kely {vorpal, Fragile rC+
                  | Dex+5 SInv}
  5070 | D:5      | Noticed Menkaure
  5077 | D:5      | Mangled by Menkaure

Illustrated notes

Levels and vault maps discovered:
D:1:      lightli_arrival_isolated_outpost, layout_basic,
          ebering_ecumenical_altar_rust, minivault_23
D:2:      layout_rooms, kennysheep_jessica_study, uniq_jessica
D:3:      layout_basic, serial_shops,
          nicolae_shop_temple_entry_statues_fountains, minmay_tree_intersection
D:4:      layout_loops_ring, palyth_stone_intersect,
          amcnicky_mini_rare_corridor_liquid, minmay_fractal_squares_gapless_5
D:5:      layout_basic, jmf_multi_god_temple, minmay_temple_entry_statues,
          kennysheep_cross_bottleneck, kennysheep_crisscross, uniq_menkaure

Skill      XL: |  1  2  3  4  5  6 |
---------------+-------------------+-----
Long Blades    | 2 3 |  3.6
Shields        | 4 5 |  5.0
Fighting       | 4 5 |  5.0
Invocations    | 1 2 3 |  3.1
Armour         | |  3.2

Action                   |  1- 3 |  4- 6 || total
-------------------------+-------+-------++-------
Melee: Long sword        |   110 |   148 ||   258
       Rapier            |       |    20 ||    20
Invok: Animate Remains   |     7 |    12 ||    19
  Use: Scroll            |     1 |     1 ||     2
 Stab: Distracted        |       |     4 ||     4
Armor: Scale mail        |   109 |    64 ||   173
       Plate armour      |       |    30 ||    30
Dodge: Dodged            |    58 |    30 ||    88
Block: Kite shield       |    98 |    70 ||   168
       Rpst.: Long sword |    26 |     7 ||    33

Table legend: (Time is in decaauts)
 A = Elapsed time spent in this place.
 B = Non-inter-level travel time spent in this place.
 C = Inter-level travel time spent in this place.
 D = Time resting spent in this place.
 E = Time spent auto-exploring this place.
 F = Levels seen in this place.
 G = Mean time per level.
                   A        B        C        D        E       F      G
               +--------+--------+--------+--------+--------+-----+--------+
         Total |   5212 |   5073 |    139 |   1361 |   2969 |   5 | 1042.4 |
       Dungeon |   5212 |   5073 |    139 |   1361 |   2969 |   5 | 1042.4 |
               +--------+--------+--------+--------+--------+-----+--------+

Top non-repeatable levels by time:
     D:4: 1556 daAuts
     D:1: 1387 daAuts
     D:3: 1032 daAuts
     D:2: 855 daAuts
     D:5: 381 daAuts
